 Dungeon Crawl Stone Soup version 0.25-a0-942-g87a53962fc (webtiles) character file.

Game seed: 4862598786159854793, levelgen mode: deterministic

339 Flugslaktarn the Chopper (level 6, -6/56 HPs)
             Began as a Minotaur Fighter on May 6, 2020.
             Killed by nerve-wracking pain
             ... invoked by Menkaure
              (14 damage)
             ... on level 4 of the Dungeon.
             The game lasted 00:02:02 (3418 turns).

Flugslaktarn the Chopper (Minotaur Fighter)         Turns: 3418, Time: 00:02:02

Health: -6/56      AC:  9    Str: 22    XL:     6   Next: 29%
Magic:  5/5        EV:  6    Int:  5    God:
Gold:   94         SH: 10    Dex: 10    Spells: 5/5 levels left

rFire    . . .     SeeInvis .   a - +0 war axe
rCold    . . .     Gourm    .   c - +0 kite shield
rNeg     . . .     Faith    .   j - +0 chain mail
rPois    .         Spirit   .   (helmet restricted)
rElec    .         Reflect  .   (no cloak)
rCorr    .         Harm     .   (no gloves)
MR       .....                  (no boots)
Stlth    ..........             (no amulet)
HPRegen  0.18/turn              (no ring)
MPRegen  0.09/turn              (no ring)

@: no status effects
A: retaliatory headbutt, horns 2
a: no special abilities


You were on level 4 of the Dungeon.
You were not hungry.

You visited 1 branch of the dungeon, and saw 4 of its levels.

You collected 94 gold pieces.

Inventory:

Hand Weapons
 a - a +0 war axe (weapon)
Missiles
 g - a throwing net (quivered)
Armour
 b - a +0 scale mail
 c - a +0 kite shield (worn)
 j - a +0 chain mail (worn)
   (You found it on level 2 of the Dungeon)
Jewellery
 o - an uncursed amulet of rage {unknown}
   (You found it on level 1 of the Dungeon)
 p - a cursed ring of teleportation {unknown}
   (You found it on level 2 of the Dungeon)
Wands
 n - a wand of scattershot (7)
   (You found it on level 4 of the Dungeon)
Scrolls
 f - a scroll of magic mapping
 r - a scroll of identify
Potions
 d - a potion of might
 h - a potion of haste
 i - 3 potions of stabbing
 l - 2 potions of curing
 m - 2 potions of berserk rage
 t - a potion of flight
Comestibles
 e - 10 rations
 k - 3 chunks of flesh


   Skills:
 + Level 5.0 Fighting
 * Level 5.4 Axes
 + Level 5.0 Armour
 + Level 4.9 Shields


You had 5 spell levels left.
You didn't know any spells.
Your spell library was empty.

Dungeon Overview and Level Annotations

Branches:
Dungeon (4/15)
 Temple: D:4-7

Altars:
Nemelex Xobeh
Vehumet

Annotations:
D:4 Menkaure


Innate Abilities, Weirdness & Mutations

You reflexively headbutt those who attack you in melee.
You have a pair of horns on your head.


Message History

Menkaure gestures at you while chanting.
You barely resist.
A quokka comes into view.
Menkaure hits you but does no damage.
Menkaure points at you and mumbles some strange words.
Pain shoots through your body!
You hit Menkaure but do no damage. You headbutt Menkaure.
Menkaure is lightly damaged.
Menkaure calls on the powers of darkness!
Your body is wracked with pain!
The quokka convulses!
You slash Menkaure!
Menkaure is severely damaged.
Menkaure hits you!
You slash Menkaure!
Menkaure is almost destroyed.
Menkaure hits you!
* * * LOW HITPOINT WARNING * * *
Menkaure gestures at you while chanting.
Pain shoots through your body!
You die...

#..............#
#.......#####.#
##.....## #.#
######...## #.#
........## #.#
######### #.#
####### #.#
....... #.#
####### #@# #M#
#r# #.# #####
... ...... ...
###### ... .....


You could see Menkaure and a quokka.

Vanquished Creatures
  An ogre (D:4)
  A scorpion (D:4)
  Terence (D:3)
  Jessica (D:2)
  5 gnolls (D:4)
  4 adders
  3 worms
  2 dart slugs
  2 orcs (D:3)
  A giant cockroach (D:2)
  8 goblins
  5 hobgoblins
  4 jackals (D:4)
  8 kobolds
  A quokka (D:2)
  2 ball pythons (D:3)
  5 bats
  4 frilled lizards
  3 leopard gecko skeletons (D:4)
  5 rats
66 creatures vanquished.

Notes
Turn   | Place    | Note
-------+----------+-------------------------------------------
     0 | D:1      | Flugslaktarn the Minotaur Fighter began the quest for the
                  | Orb.
     0 | D:1      | Reached XP level 1. HP: 19/19 MP: 0/0
   230 | D:2      | Reached XP level 2. HP: 27/27 MP: 1/1
  1105 | D:2      | Reached XP level 3. HP: 23/33 MP: 2/2
  1637 | D:2      | Noticed Jessica
  1683 | D:2      | Killed Jessica
  1683 | D:2      | Reached XP level 4. HP: 33/40 MP: 3/3
  1966 | D:3      | Found a sparkling altar of Nemelex Xobeh.
  2159 | D:3      | Found a radiant altar of Vehumet.
  2199 | D:3      | Noticed Terence
  2206 | D:3      | Killed Terence
  2206 | D:3      | Reached XP level 5. HP: 40/47 MP: 4/4
  2410 | D:4      | Noticed an ogre
  2413 | D:4      | Killed an ogre
  2414 | D:4      | Reached skill level 5 in Axes
  2434 | D:4      | Reached XP level 6. HP: 5/55 MP: 5/5
  2802 | D:4      | Noticed Menkaure
  3161 | D:4      | Reached skill level 5 in Armour
  3166 | D:4      | Reached skill level 5 in Fighting
  3418 | D:4      | Killed from afar by Menkaure

Levels and vault maps discovered:
D:1:      minmay_arrival_open_corners, layout_loops_corners
D:2:      layout_basic, st_stairs_7, chequers_serial_rivers_micro_b,
          uniq_jessica
D:3:      layout_rooms, vehumet_crystals, nemelex_altar_shiori,
          minmay_starry_boxes, uniq_terence
D:4:      layout_loops_ring, minmay_temple_entry_hall, first_ration,
          led_sif_book, uniq_menkaure, uniq_blork_the_orc

Skill      XL: |  1  2  3  4  5  6 |
---------------+-------------------+-----
Axes           | 3 4 5 |  5.4
Fighting       | 4 5 |  5.0
Armour         | 4 5 |  5.0
Shields        | 4 |  4.9

Action                   |  1- 3 |  4- 6 || total
-------------------------+-------+-------++-------
Melee: War axe           |    88 |   101 ||   189
       Headbutt          |    14 |    18 ||    32
  Use: Scroll            |       |    10 ||    10
       Potion            |       |     1 ||     1
  Eat: Chunk             |     2 |     3 ||     5
       Ration            |       |     1 ||     1
Armor: Scale mail        |     8 |       ||     8
       Chain mail        |    33 |    46 ||    79
Dodge: Dodged            |    18 |    21 ||    39
Block: Kite shield       |    47 |    52 ||    99

Table legend:
 A = Non-vault XP
 B = Vault XP
 C = Vault XP percentage of total XP
 D = Non-vault monster count
 E = Vault monster count
 F = Vault count percentage of total count
                 A         B        C        D         E       F
            +---------+---------+-------+---------+---------+-------
      Total |     384 |     101 |  20.8 |      56 |      10 |  15.2
            +---------+---------+-------+---------+---------+-------
        D:1 |      28 |       0 |   0.0 |      17 |       0 |   0.0
        D:2 |      62 |      39 |  38.6 |      16 |       2 |  11.1
        D:3 |      21 |      62 |  74.7 |       8 |       8 |  50.0
        D:4 |     273 |       0 |   0.0 |      15 |       0 |   0.0
            +---------+---------+-------+---------+---------+-------
